| TOP OF THE 1ST |
|
Philadelphia (APP) Phillies batting - Pitching for Bristol Pirates : LHP Alfredo Carranza
|
|
Pitching: LHP Alfredo Carranza
|
|
|
Batting: RHB Trent Hedrick
|
0-0: Ball 1-0: Ball 2-0: Called Strike 2-1: Ball 3-1: Base on Balls
|
|
Batting: RHB Mike Bell
|
0-0: Ball Trent Hedrick is caught stealing 2nd base 2-4 1-0: Ball 2-0: Called Strike 2-1: Ball 3-1: Ground out 6-3 (Groundball, P, EV 85.0 MPH)
|
|
Batting: RHB Allen Gravel
|
0-0: Ball 1-0: Called Strike 1-1: Ball 2-1: SINGLE (Line Drive, 4MD, EV 106.2 MPH)
|
|
Batting: RHB Guan-pei Gao
|
0-0: Called Strike 0-1: Ball 1-1: Ball 2-1: Ball 3-1: Base on Balls Allen Gravel to second
|
|
Batting: LHB Joel Moore
|
0-0: Called Strike 0-1: Ground out 3-1 (Groundball, 34S, EV 83.1 MPH)
|
| Top of the 1st over - 0 runs, 1 hit, 0 errors, 2 left on base; Philadelphia (APP) 0 - Bristol 0 |
| BOTTOM OF THE 1ST |
|
Bristol Pirates batting - Pitching for Philadelphia (APP) Phillies : LHP Cesar Andrade
|
|
Pitching: LHP Cesar Andrade
|
|
|
Batting: SHB Don Hauk
|
0-0: Ball 1-0: Foul Ball, location: 2F 1-1: Ball 2-1: Foul Ball, location: 2F 2-2: Ball 3-2: Base on Balls
|
|
Batting: RHB Pete Hutton
|
Balk! Don Hauk to second 0-0: Swinging Strike 0-1: Ball 1-1: Ball 2-1: Foul Ball, location: 2F 2-2: Reached on error, E6 (Groundball, 6, EV 105.6 MPH) Don Hauk scores
|
|
Batting: LHB Randy Boone
|
0-0: Ground out 1-3 (Groundball, P, EV 65.6 MPH) Pete Hutton to third
|
|
Batting: RHB Randy Bergman
|
0-0: Ball 1-0: Foul Ball, location: 2F 1-1: Ball 2-1: Ball 3-1: Base on Balls
|
|
Batting: RHB Alain Marquet
|
0-0: Ball 1-0: Called Strike 1-1: Ball 2-1: Ball Wild Pitch! Pete Hutton scores Randy Bergman to second 3-1: Base on Balls
|
|
Batting: RHB Steve Terres
|
0-0: Ball 1-0: Ball 2-0: Called Strike 2-1: Ball 3-1: Base on Balls Randy Bergman to third Alain Marquet to second
|
|
Batting: RHB Frank Elizondo
|
0-0: Ball 1-0: Ball 2-0: Ball 3-0: Base on Balls Randy Bergman scores Alain Marquet to third Steve Terres to second
|
|
Batting: RHB Rob Colley
|
0-0: Hit by Pitch Alain Marquet scores Steve Terres to third Frank Elizondo to second
|
|
Batting: RHB Erik Mulligan
|
0-0: Ball 1-0: Foul Ball, location: 2F 1-1: Ball 2-1: Ball 3-1: Base on Balls Steve Terres scores Frank Elizondo to third Rob Colley to second
|
|
Pitching: RHP Jeremy Trotter
|
|
|
Batting: SHB Don Hauk
|
0-0: Foul Ball, location: 2F 0-1: Ball 1-1: Fly out, F9 (Flyball, 9D, EV 90.6 MPH) Runner from 3rd tags up, SCORES, no throw by RF Rob Colley to third
|
|
Batting: RHB Pete Hutton
|
0-0: Foul Ball, location: 2F 0-1: DOUBLE (Line Drive, 8LD, EV 107.5 MPH) Rob Colley scores Erik Mulligan to third Runner from 3rd tries for Home, SAFE, throw by CF to home
|
|
Batting: LHB Randy Boone
|
0-0: Swinging Strike 0-1: Foul Ball, location: 2F 0-2: Ground out 4-3 (Groundball, 4M, EV 88.1 MPH)
|
| Bottom of the 1st over - 8 runs, 1 hit, 1 error, 1 left on base; Philadelphia (APP) 0 - Bristol 8 |
| TOP OF THE 2ND |
|
Philadelphia (APP) Phillies batting - Pitching for Bristol Pirates : LHP Alfredo Carranza
|
|
Batting: RHB Zach Slot
|
0-0: Swinging Strike 0-1: Ball 1-1: Called Strike 1-2: Foul Ball, location: 2F 1-2: Ball 2-2: Strikes out swinging
|
|
Batting: LHB Emilio Ortez
|
0-0: Foul Ball, location: 2F 0-1: Ball 1-1: Foul Ball, location: 2F 1-2: DOUBLE (Flyball, 78XD, EV 103.1 MPH)
|
|
Batting: RHB Lee Wright
|
0-0: Ball 1-0: Called Strike 1-1: Ball 2-1: Ball 3-1: Fly out, F8 (Flyball, 8RD, EV 100.0 MPH)
|
|
Batting: LHB Jesse Haught
|
0-0: Foul Ball, location: 2F 0-1: SINGLE (Line Drive, 9S, EV 106.9 MPH) Emilio Ortez to third
|
|
Batting: RHB Trent Hedrick
|
0-0: Fly out, F9 (Flyball, 9S, EV 87.5 MPH)
|
| Top of the 2nd over - 0 runs, 2 hits, 0 errors, 2 left on base; Philadelphia (APP) 0 - Bristol 8 |
| BOTTOM OF THE 2ND |
|
Bristol Pirates batting - Pitching for Philadelphia (APP) Phillies : RHP Jeremy Trotter
|
|
Batting: RHB Randy Bergman
|
0-0: Fly out, F8 (Flyball, 8LXD, EV 89.4 MPH)
|
|
Batting: RHB Alain Marquet
|
0-0: Ball 1-0: Ground out 5-3 (Groundball, 56S, EV 63.8 MPH)
|
|
Batting: RHB Steve Terres
|
0-0: Foul Ball, location: 2F 0-1: Called Strike 0-2: Foul Ball, location: 2F 0-2: Foul Ball, location: 2F 0-2: Ball 1-2: Foul Ball, location: 2F 1-2: Strikes out swinging
|
| Bottom of the 2nd over - 0 runs, 0 hits, 0 errors, 0 left on base; Philadelphia (APP) 0 - Bristol 8 |
| TOP OF THE 3RD |
|
Philadelphia (APP) Phillies batting - Pitching for Bristol Pirates : LHP Alfredo Carranza
|
|
Batting: RHB Mike Bell
|
0-0: Ball 1-0: Foul Ball, location: 2F 1-1: Ball 2-1: Ball 3-1: Ground out 5-3 (Groundball, 5, EV 108.1 MPH)
|
|
Batting: RHB Allen Gravel
|
0-0: Ball 1-0: Foul Ball, location: 2F 1-1: Foul Ball, location: 2F 1-2: Ball 2-2: TRIPLE (Groundball, 3L, EV 103.1 MPH)
|
|
Batting: RHB Guan-pei Gao
|
0-0: Swinging Strike 0-1: Foul Ball, location: 2F 0-2: Ball 1-2: Strikes out swinging
|
|
Batting: LHB Joel Moore
|
0-0: Ball 1-0: SINGLE (Groundball, 6S, EV 68.8 MPH) (infield hit) Allen Gravel scores
|
|
Batting: RHB Zach Slot
|
0-0: Ball 1-0: Foul Ball, location: 2F 1-1: Ball 2-1: Foul Ball, location: 2F 2-2: Strikes out swinging
|
| Top of the 3rd over - 1 run, 2 hits, 0 errors, 1 left on base; Philadelphia (APP) 1 - Bristol 8 |
| BOTTOM OF THE 3RD |
|
Bristol Pirates batting - Pitching for Philadelphia (APP) Phillies : RHP Jeremy Trotter
|
|
Batting: RHB Frank Elizondo
|
0-0: Called Strike 0-1: Swinging Strike 0-2: Strikes out swinging
|
|
Batting: RHB Rob Colley
|
0-0: Ball 1-0: Ground out 5-3 (Groundball, 5, EV 100.0 MPH)
|
|
Batting: RHB Erik Mulligan
|
0-0: Called Strike 0-1: Ball 1-1: Ground out 1-3 (Groundball, 15S, EV 66.9 MPH)
|
| Bottom of the 3rd over - 0 runs, 0 hits, 0 errors, 0 left on base; Philadelphia (APP) 1 - Bristol 8 |
| TOP OF THE 4TH |
|
Philadelphia (APP) Phillies batting - Pitching for Bristol Pirates : LHP Alfredo Carranza
|
|
Batting: LHB Emilio Ortez
|
0-0: Called Strike 0-1: Ball 1-1: Ball 2-1: Ball 3-1: Called Strike 3-2: Foul Ball, location: 2F 3-2: Base on Balls
|
|
Batting: RHB Lee Wright
|
0-0: Called Strike 0-1: Ball 1-1: Foul Ball, location: 2F 1-2: Foul Ball, location: 2F 1-2: Ball 2-2: Foul Ball, location: 2F 2-2: Ball 3-2: Base on Balls Emilio Ortez to second
|
|
Batting: LHB Jesse Haught
|
0-0: Foul Ball, location: 2F 0-1: Ball 1-1: SINGLE (Line Drive, 34, EV 100.0 MPH) Emilio Ortez to third Lee Wright to second
|
|
Batting: RHB Trent Hedrick
|
0-0: Ball 1-0: Ball 2-0: Ball 3-0: Called Strike 3-1: Grounds into double play, 5-4-3 (Groundball, 5, EV 106.2 MPH) Emilio Ortez scores Lee Wright to third
|
|
Batting: RHB Mike Bell
|
0-0: Foul Ball, location: 2F 0-1: Called Strike 0-2: Strikes out swinging
|
| Top of the 4th over - 1 run, 1 hit, 0 errors, 1 left on base; Philadelphia (APP) 2 - Bristol 8 |
| BOTTOM OF THE 4TH |
|
Bristol Pirates batting - Pitching for Philadelphia (APP) Phillies : RHP Jeremy Trotter
|
|
Batting: SHB Don Hauk
|
0-0: Foul Ball, location: 2F 0-1: Ball 1-1: Ball 2-1: SINGLE (Groundball, 25, EV 68.8 MPH) (infield hit)
|
|
Batting: RHB Pete Hutton
|
0-0: Called Strike 0-1: Called Strike 0-2: TRIPLE (Line Drive, 89XD, EV 106.9 MPH) Don Hauk scores
|
|
Batting: LHB Randy Boone
|
0-0: Ball Wild Pitch! Pete Hutton scores 1-0: Foul Ball, location: 2F 1-1: TRIPLE (Flyball, 78XD, EV 107.5 MPH)
|
|
Batting: RHB Randy Bergman
|
0-0: Called Strike 0-1: Ball 1-1: Ball Wild Pitch! Randy Boone scores 2-1: Ball 3-1: Foul Ball, location: 2F 3-2: Strikes out swinging
|
|
Batting: RHB Alain Marquet
|
0-0: Ball 1-0: Ball 2-0: Ball 3-0: Base on Balls
|
|
Batting: RHB Steve Terres
|
0-0: Called Strike 0-1: Swinging Strike 0-2: Ball 1-2: Foul Ball, location: 2F 1-2: Foul Ball, location: 2F 1-2: Fielders Choice at 2nd, 4-6 (Groundball, 34, EV 97.5 MPH)
|
|
Batting: RHB Frank Elizondo
|
0-0: Foul Ball, location: 2F 0-1: Foul Ball, location: 2F 0-2: Hit by Pitch Steve Terres to second
|
|
Batting: RHB Rob Colley
|
0-0: Ball 1-0: Swinging Strike 1-1: Ball 2-1: Ball 3-1: Base on Balls Steve Terres to third Frank Elizondo to second
|
|
Pitching: LHP Marty de la Rosa
|
|
|
Batting: RHB Erik Mulligan
|
0-0: Foul Ball, location: 2F 0-1: Foul Ball, location: 2F 0-2: Ball 1-2: Foul Ball, location: 2F 1-2: Fielders Choice at 2nd, 6-4 (Groundball, 6, EV 87.5 MPH)
|
| Bottom of the 4th over - 3 runs, 3 hits, 0 errors, 3 left on base; Philadelphia (APP) 2 - Bristol 11 |
| TOP OF THE 5TH |
|
Philadelphia (APP) Phillies batting - Pitching for Bristol Pirates : LHP Alfredo Carranza
|
|
Batting: RHB Allen Gravel
|
0-0: Called Strike 0-1: Ball 1-1: Ball 2-1: DOUBLE (Line Drive, 89D, EV 106.9 MPH)
|
|
Batting: RHB Guan-pei Gao
|
0-0: Fly out, F8 (Flyball, 8RS, EV 89.4 MPH)
|
|
Batting: LHB Joel Moore
|
0-0: Ball 1-0: Foul Ball, location: 2F 1-1: Ball 2-1: Foul Ball, location: 2F 2-2: Ground out 4-3 (Groundball, 4D, EV 97.5 MPH) Allen Gravel to third
|
|
Batting: RHB Zach Slot
|
0-0: Called Strike 0-1: Swinging Strike 0-2: Strikes out looking
|
| Top of the 5th over - 0 runs, 1 hit, 0 errors, 1 left on base; Philadelphia (APP) 2 - Bristol 11 |
| BOTTOM OF THE 5TH |
|
Bristol Pirates batting - Pitching for Philadelphia (APP) Phillies : LHP Marty de la Rosa
|
|
Batting: SHB Don Hauk
|
0-0: Ball 1-0: Fly out, F4 (Flyball, 34D, EV 85.6 MPH)
|
|
Batting: RHB Pete Hutton
|
0-0: Called Strike 0-1: Ball 1-1: Ball 2-1: Called Strike 2-2: DOUBLE (Line Drive, 7LS, EV 93.1 MPH)
|
|
Batting: LHB Randy Boone
|
0-0: Foul Ball, location: 2F 0-1: Foul Ball, location: 2F 0-2: Ball 1-2: Ball 2-2: 2-RUN HOME RUN (Flyball, 9D, EV 95.0 MPH), Distance : 361 ft
|
|
Batting: RHB Randy Bergman
|
0-0: Reached on error, E6 (Groundball, 6, EV 105.6 MPH)
|
|
Batting: RHB Alain Marquet
|
0-0: Foul Ball, location: 2F 0-1: Ball 1-1: Fly out, F9 (Line Drive, 9S, EV 92.5 MPH)
|
|
Batting: RHB Steve Terres
|
0-0: Called Strike 0-1: Foul Ball, location: 2F 0-2: Ball 1-2: Fly out, F4 (Popup, 4, EV 63.8 MPH)
|
| Bottom of the 5th over - 2 runs, 2 hits, 1 error, 1 left on base; Philadelphia (APP) 2 - Bristol 13 |
| TOP OF THE 6TH |
|
Philadelphia (APP) Phillies batting - Pitching for Bristol Pirates : LHP Alfredo Carranza
|
|
Batting: LHB Emilio Ortez
|
0-0: Swinging Strike 0-1: Foul Ball, location: 2F 0-2: Ball 1-2: Strikes out swinging
|
|
Batting: RHB Lee Wright
|
0-0: Foul Ball, location: 2F 0-1: Foul Ball, location: 2F 0-2: Strikes out swinging
|
|
Batting: LHB Jesse Haught
|
0-0: Foul Ball, location: 2F 0-1: Called Strike 0-2: Foul Ball, location: 2F 0-2: Fly out, F8 (Flyball, 8RS, EV 72.5 MPH)
|
| Top of the 6th over - 0 runs, 0 hits, 0 errors, 0 left on base; Philadelphia (APP) 2 - Bristol 13 |
| BOTTOM OF THE 6TH |
|
Bristol Pirates batting - Pitching for Philadelphia (APP) Phillies : LHP Marty de la Rosa
|
|
Batting: RHB Frank Elizondo
|
0-0: Ball 1-0: Ball 2-0: Ball 3-0: Base on Balls
|
|
Pitching: RHP Josh Howell
|
|
|
Batting: RHB Rob Colley
|
0-0: Ball 1-0: Swinging Strike 1-1: Swinging Strike 1-2: Fielders Choice at 2nd, 5-4 (Groundball, 5L, EV 108.8 MPH)
|
|
Batting: RHB Erik Mulligan
|
0-0: Ball 1-0: Foul Ball, location: 2F 1-1: Ball 2-1: Called Strike 2-2: Strikes out swinging
|
|
Batting: SHB Don Hauk
|
0-0: Ball 1-0: Called Strike 1-1: Ball 2-1: Ground out 3-1 (Groundball, 34, EV 90.0 MPH)
|
| Bottom of the 6th over - 0 runs, 0 hits, 0 errors, 1 left on base; Philadelphia (APP) 2 - Bristol 13 |
| TOP OF THE 7TH |
|
Philadelphia (APP) Phillies batting - Pitching for Bristol Pirates : LHP Alfredo Carranza
|
|
Batting: RHB Trent Hedrick
|
0-0: Called Strike 0-1: Ball 1-1: Fly out, F8 (Flyball, 8RD, EV 96.2 MPH)
|
|
Batting: RHB Mike Bell
|
0-0: Called Strike 0-1: Swinging Strike 0-2: Ball 1-2: Foul Ball, location: 2F 1-2: Strikes out swinging
|
|
Batting: RHB Allen Gravel
|
0-0: Foul Ball, location: 2F 0-1: Ball 1-1: Ball 2-1: Ground out 1-3 (Groundball, 15S, EV 64.4 MPH)
|
| Top of the 7th over - 0 runs, 0 hits, 0 errors, 0 left on base; Philadelphia (APP) 2 - Bristol 13 |
| BOTTOM OF THE 7TH |
|
Bristol Pirates batting - Pitching for Philadelphia (APP) Phillies : RHP Josh Howell
|
|
Batting: RHB Pete Hutton
|
0-0: SINGLE (Line Drive, 34D, EV 104.4 MPH)
|
|
Batting: LHB Randy Boone
|
0-0: Called Strike 0-1: Called Strike 0-2: Fly out, F7 (Flyball, 7S, EV 89.4 MPH)
|
|
Batting: RHB Randy Bergman
|
0-0: Ball 1-0: Fly out, F8 (Flyball, 8RM, EV 85.0 MPH)
|
|
Batting: RHB Alain Marquet
|
0-0: Called Strike 0-1: Foul Ball, location: 2F 0-2: Ball 1-2: DOUBLE (Line Drive, 7LM, EV 106.9 MPH) Pete Hutton to third Runner from 3rd tries for Home, SAFE, no throw by LF
|
|
Batting: RHB Steve Terres
|
0-0: Called Strike 0-1: Ball 1-1: SINGLE (Flyball, 7S, EV 83.1 MPH) Alain Marquet to third Runner from 3rd tries for Home, SAFE, throw by LF to home
|
|
Batting: RHB Frank Elizondo
|
0-0: Called Strike 0-1: Ball 1-1: Ball Wild Pitch! Steve Terres to second 2-1: Ball 3-1: Base on Balls
|
|
Batting: RHB Rob Colley
|
0-0: Foul Ball, location: 2F 0-1: Ball 1-1: Ball 2-1: Ball 3-1: Ground out U3 (Groundball, 3, EV 86.2 MPH)
|
| Bottom of the 7th over - 2 runs, 3 hits, 0 errors, 2 left on base; Philadelphia (APP) 2 - Bristol 15 |
| TOP OF THE 8TH |
|
Philadelphia (APP) Phillies batting - Pitching for Bristol Pirates : LHP Alfredo Carranza
|
|
Batting: RHB Guan-pei Gao
|
0-0: Ball 1-0: Swinging Strike 1-1: Called Strike 1-2: Strikes out swinging, 2-3 out at first.
|
|
Batting: LHB Joel Moore
|
0-0: Ball 1-0: Ground out U3 (Groundball, 3, EV 98.8 MPH)
|
|
Batting: RHB Zach Slot
|
0-0: Swinging Strike 0-1: Ball 1-1: Ball 2-1: Swinging Strike 2-2: Foul Ball, location: 2F 2-2: Ball 3-2: Strikes out swinging
|
| Top of the 8th over - 0 runs, 0 hits, 0 errors, 0 left on base; Philadelphia (APP) 2 - Bristol 15 |
| BOTTOM OF THE 8TH |
|
Bristol Pirates batting - Pitching for Philadelphia (APP) Phillies : RHP Josh Howell
|
|
Batting: RHB Erik Mulligan
|
0-0: Ball 1-0: Called Strike 1-1: Ball 2-1: Ball 3-1: Swinging Strike 3-2: Foul Ball, location: 2F 3-2: Base on Balls
|
|
Pitching: RHP Si-dao Xia
|
|
|
Batting: SHB Don Hauk
|
0-0: Ball 1-0: Called Strike 1-1: Ball 2-1: Called Strike 2-2: Ball 3-2: Base on Balls Erik Mulligan to second
|
|
Batting: RHB Pete Hutton
|
0-0: Ball 1-0: Fly out, F8 (Flyball, 89D, EV 103.8 MPH)
|
|
Batting: LHB Randy Boone
|
0-0: Foul Ball, location: 2F 0-1: Ball 1-1: Ball 2-1: Foul Ball, location: 2F 2-2: Foul Ball, location: 2F 2-2: Fly out, F8 (Flyball, 8LD, EV 96.2 MPH)
|
|
Batting: RHB Randy Bergman
|
0-0: Called Strike 0-1: Ball 1-1: Swinging Strike 1-2: Strikes out swinging
|
| Bottom of the 8th over - 0 runs, 0 hits, 0 errors, 2 left on base; Philadelphia (APP) 2 - Bristol 15 |
| TOP OF THE 9TH |
|
Philadelphia (APP) Phillies batting - Pitching for Bristol Pirates : LHP Alfredo Carranza
|
|
Batting: LHB Emilio Ortez
|
0-0: Ball 1-0: Foul Ball, location: 2F 1-1: Ground out 6-3 (Groundball, 6M, EV 79.4 MPH)
|
|
Batting: RHB Lee Wright
|
0-0: Ball 1-0: Ground out 5-3 (Groundball, 5L, EV 83.8 MPH)
|
|
Batting: LHB Jesse Haught
|
0-0: Ball 1-0: Ball 2-0: Ground out 4-3 (Groundball, 4S, EV 65.6 MPH)
|
| Top of the 9th over - 0 runs, 0 hits, 0 errors, 0 left on base; Philadelphia (APP) 2 - Bristol 15 |
|